 Dungeon Crawl Stone Soup version 0.24.0-13-gcf9b319 (webtiles) character file.

Game seed: 7008883807859367441, levelgen mode: deterministic

2487 talyn the Reanimator (level 9, -7/64 HPs)
             Began as a Demonspawn Necromancer on Nov 10, 2019.
             Was a Follower of Dithmenos.
             Mangled by an unseen horror (9 damage)
             ... on level 8 of the Dungeon on Nov 11, 2019.
             The game lasted 00:37:15 (12075 turns).

talyn the Reanimator (Demonspawn Necromancer)      Turns: 12075, Time: 00:37:16

Health: -7/64      AC:  4    Str:  8    XL:     9   Next: 27%
Magic:  15/15      EV: 18    Int: 19    God:    Dithmenos [*.....]
Gold:   266        SH:  0    Dex: 15    Spells: 3/16 levels left

rFire    . . .     SeeInvis .   a - +2 scimitar (flame)
rCold    . . .     Gourm    .   (no shield)
rNeg     . . .     Faith    .   t - +1 robe
rPois    .         Spirit   .   (no helmet)
rElec    .         Reflect  .   (no cloak)
rCorr    +         Harm     .   (no gloves)
MR       .....                  m - +0 pair of boots
Stlth    +++.......             (no amulet)
HPRegen  0.20/turn              r - ring of resist corrosion
MPRegen  0.14/turn              (no ring)

@: wreathed by umbra, repel missiles
A: talons 2, repulsion field 3
a: Renounce Religion


You were on level 8 of the Dungeon.
You worshipped Dithmenos.
Dithmenos was aware of your devotion.
You were not hungry.

You visited 2 branches of the dungeon, and saw 9 of its levels.

You collected 266 gold pieces.

Inventory:

Hand Weapons
 a - a +2 scimitar of flaming (weapon)
 b - a +0 rapier of freezing
Armour
 m - a +0 pair of boots (worn)
 t - a +1 robe (worn)
Jewellery
 r - a ring of resist corrosion (left hand)
Wands
 f - a wand of enslavement (7)
 o - a wand of polymorph (30)
 p - a wand of paralysis (9)
Scrolls
 e - 3 scrolls of remove curse
 i - a scroll of teleportation
 u - a scroll of noise {unknown}
Potions
 d - a potion of berserk rage
 g - a potion of ambrosia
 h - 3 potions of curing
 k - a potion of agility
 l - a potion of might {unknown}
 n - a potion of haste {unknown}
 q - 2 potions of flight
 s - a potion of brilliance {unknown}
Comestibles
 c - 3 rations


   Skills:
 + Level 3.3 Fighting
 - Level 4.1 Dodging
 - Level 4.0 Stealth
 - Level 4.0 Spellcasting
 - Level 4.1 Charms
 * Level 10.1 Necromancy
 - Level 2.0 Translocations


You had 3 spell levels left.
You knew the following spells:

 Your Spells              Type           Power        Failure   Level  Hunger
a - Pain                  Necr           ####         1%          1    None
b - Animate Skeleton      Necr           N/A          1%          1    None
c - Vampiric Draining     Necr           #####.....   1%          3    ###....
d - Regeneration          Chrm/Necr      ####......   2%          3    ###....
e - Animate Dead          Necr           N/A          1%          4    ####...
f - Apportation           Tloc           ##....       6%          1    None

Your spell library contained the following spells:

 Spells                   Type           Power        Failure   Level  Hunger
 Confusing Touch          Hex            #.....       14%         1    None
 Summon Small Mammal      Summ           #...         14%         1    None
 Gell's Gravitas          Tloc           ##........   19%         3    ###....
 Confuse                  Hex            #.......     38%         3    ###....
 Petrify                  Tmut/Erth      #.......     80%         4    ####...
 Metabolic Englaciation   Hex/Ice        #.........   98%         5    ######.
 Yara's Violent Unravell  Hex/Tmut       #.........   98%         5    ######.


Dungeon Overview and Level Annotations

Branches:
Dungeon (8/15)             Temple (1/1) D:7
   Lair: D:8-11

Altars:
Ashenzari
Cheibriados
Dithmenos
Elyvilon
Gozag
Hepliaklqana
Kikubaaqudgha
Makhleb
Nemelex Xobeh
Okawaru
Qazlal
Ru
Sif Muna
Trog
Uskayaw
Vehumet
Wu Jian
Xom
Yredelemnul
Zin
The Shining One
Lugonu

Shops:
D:5 (


Innate Abilities, Weirdness & Mutations

You have razor-sharp toenails.
You are surrounded by a strong repulsion field. (EV +4, RMsl)


Message History

Something completely misses your ogre zombie.
Something hits you!
* * * LOW HITPOINT WARNING * * *
Something hits you but does no damage. Something closely misses you.
Something closely misses you. Something hits you!
* * * LOW HITPOINT WARNING * * *
Okay, then.
Okay, then.
Okay, then.
You feel better. Something hits you.
* * * LOW HITPOINT WARNING * * *
Something hits your ogre zombie.
Your ogre zombie barely misses something.
You feel better. Something hits you.
* * * LOW HITPOINT WARNING * * *
Something hits you!
* * * LOW HITPOINT WARNING * * *
Something hits you!
You die...

*,**,*,,,,,,,**,* *>*
*,*#..,,*,,,,,,,* *,*
*,*#.#,,**,****** *,*
*,*#.#,,**,* *,*
*,,...,,,,,********,,
***#.#*****,,..,,,***
#.######,..*,,,*
#......#,.***,.#
#@#*#..#.## *#.#
#.###..#..###..*
#Z#........#..,*
#......#......,*
#.#.#.......#*** ###
#......####.## *#.##
#.#.##.##....#####
*#.#.######
##.........#Z......
#.##......#
##....##.####.######


You could see a friendly ogre zombie.

Vanquished Creatures
  Eustachio (D:6)
  A hungry ghost (D:6)
  A sky beast (D:8)
  A phantom (D:7)
  An orc warrior (D:8)
  2 necrophages
  An ogre (D:8)
  A centaur (D:5)
  5 bullfrogs
  A big kobold (D:7)
  A scorpion (D:8)
  A centaur zombie (D:8)
  A jelly (D:7)
  4 orc priests
  6 hounds
  2 centaur skeletons
  5 orc wizards
  An iguana (D:7)
  Natasha (thrice) (D:2)
  7 worker ants
  2 hound skeletons
  A worker ant zombie (D:5)
  3 gnolls (D:4)
  8 adders
  3 shadow imps
  2 oozes
  3 worms
  2 dart slugs (D:1)
  8 leopard geckos
  19 orcs
  3 giant cockroaches
  8 goblins
  4 hobgoblins
  9 jackals
  12 kobolds
  3 quokkas
  4 bats
  5 frilled lizards
  8 rats
  A spectral orc (D:6)
154 creatures vanquished.

Vanquished Creatures (collateral kills)
  A bullfrog (D:7)
  A crimson imp (D:4)
  An orc wizard (D:6)
  A dart slug (D:2)
  An orc (D:8)
5 creatures vanquished.

Grand Total: 159 creatures vanquished

Notes
Turn   | Place    | Note
-------+----------+-------------------------------------------
     0 | D:1      | talyn the Demonspawn Necromancer began the quest for the
                  | Orb.
     0 | D:1      | Reached XP level 1. HP: 13/13 MP: 3/3
   332 | D:1      | Gained mutation: You have sharp toenails. [demonic
                  | ancestry]
   332 | D:1      | Reached XP level 2. HP: 17/19 MP: 0/5
   795 | D:1      | Reached skill level 5 in Necromancy
   926 | D:1      | Reached XP level 3. HP: 24/24 MP: 4/6
  1590 | D:2      | Learned a level 1 spell: Animate Skeleton
  1594 | D:2      | Learned a level 3 spell: Vampiric Draining
  1699 | D:2      | Noticed Natasha
  1704 | D:2      | Killed Natasha
  1704 | D:2      | Reached XP level 4. HP: 26/30 MP: 1/7
  2084 | D:2      | Noticed Natasha
  2089 | D:2      | Learned a level 3 spell: Regeneration
  2094 | D:2      | Killed Natasha
  2219 | D:2      | Noticed Natasha
  2228 | D:2      | Killed Natasha
  2228 | D:2      | Gained mutation: You are surrounded by a mild repulsion
                  | field. (EV +2) [demonic ancestry]
  2228 | D:2      | Reached XP level 5. HP: 16/35 MP: 0/9
  2405 | D:2      | Found a faded altar of an unknown god.
  2646 | D:2      | Found a sparkling altar of Nemelex Xobeh.
  2647 | D:2      | Found a snail-covered altar of Cheibriados.
  2884 | D:3      | Reached skill level 6 in Necromancy
  3219 | D:3      | Reached skill level 1 in Charms
  3703 | D:3      | Found a shattered altar of Ashenzari.
  3752 | D:3      | Gained mutation: You are surrounded by a moderate repulsion
                  | field. (EV +3) [demonic ancestry]
  3752 | D:3      | Reached XP level 6. HP: 38/41 MP: 4/10
  3904 | D:3      | Found a shimmering altar of Xom.
  4214 | D:3      | Found a shadowy altar of Dithmenos.
  4482 | D:3      | Became a worshipper of Dithmenos the Shadowed
  5664 | D:4      | Gained mutation: You are surrounded by a strong repulsion
                  | field. (EV +4, RMsl) [demonic ancestry]
  5664 | D:4      | Reached XP level 7. HP: 44/46 MP: 8/12
  6004 | D:4      | Learned a level 4 spell: Animate Dead
  6006 | D:4      | Learned a level 1 spell: Apportation
  6015 | D:5      | Entered Level 5 of the Dungeon
  6159 | D:5      | Found Imiut's Weapon Shop.
  6361 | D:5      | Found an ornate altar of the Wu Jian Council.
  6378 | D:5      | Reached skill level 7 in Necromancy
  7786 | D:6      | Noticed a hungry ghost
  7837 | D:6      | Killed a hungry ghost
  8107 | D:6      | Found a basalt altar of Yredelemnul.
  8142 | D:6      | Noticed Eustachio
  8235 | D:6      | Killed Eustachio
  8235 | D:6      | Reached XP level 8. HP: 10/52 MP: 8/14
  8684 | D:6      | Reached skill level 8 in Necromancy
  9209 | D:6      | Found a shimmering blue altar of Sif Muna.
  9525 | D:7      | Found a hazy altar of Hepliaklqana.
  9676 | D:7      | Reached skill level 1 in Fighting
  9695 | D:7      | Reached skill level 1 in Translocations
  9994 | D:7      | Reached skill level 9 in Necromancy
 10000 | D:7      | Reached * piety under Dithmenos
 10187 | D:7      | Found a staircase to the Ecumenical Temple.
 10270 | Temple   | Entered the Ecumenical Temple
 10449 | D:7      | Found a bloodstained altar of Trog.
 10721 | D:8      | Gained mutation: You have razor-sharp toenails. [demonic
                  | ancestry]
 10721 | D:8      | Reached XP level 9. HP: 20/59 MP: 9/15
 11498 | D:8      | Reached skill level 10 in Necromancy
 12075 | D:8      | HP: 2/64 [something (8)]
 12075 | D:8      | Mangled by an unseen horror

Levels and vault maps discovered:
D:1:      dpeg_arrival_stonehenge_8_columns, layout_loops_ring, minmay_ruptured
D:2:      layout_loops_cross, grunt_temple_overflow_open,
          chequers_ecumenical_altar_simple, minmay_misc_feat_enclosed,
          uniq_natasha
D:3:      layout_basic, lemuel_coloured_pillars_altar,
          grunt_dithmenos_smoke_and_mirrors, lemuel_crystal_altar, first_ration,
          amethyst_killhole
D:4:      layout_loops_corners
D:5:      layout_basic, overflow_temple_1_default, serial_shops, shop
D:6:      layout_loops_ring, yredelemnul_forgotten_temple_becter,
          lemuel_blue_sif_altar, minmay_pentangle, uniq_eustachio
D:7:      layout_loops_ring, old_standard_altar, nicolae_overflow_hidden_temple,
          minmay_temple_entry_large_hall, chequers_avenue
D:8:      layout_loops_cross
Temple:   kb_corrupted_temple

Skill      XL: |  1  2  3  4  5  6  7  8  9 |
---------------+----------------------------+-----
Dodging        | 2 3 4 |  4.1
Necromancy     | 5 6 7 9 10 | 10.1
Spellcasting   | 3 4 |  4.0
Charms         | 1 2 4 |  4.1
Stealth        | 2 3 4 |  4.0
Fighting       | 2 3 |  3.3
Translocations | 2 |  2.0

Action                   |  1- 3 |  4- 6 |  7- 9 || total
-------------------------+-------+-------+-------++-------
Melee: Mace              |     5 |       |       ||     5
       Whip              |    12 |   134 |   175 ||   321
       Kick              |     2 |    25 |       ||    27
       Scimitar          |       |       |    48 ||    48
       Rapier            |       |       |    23 ||    23
 Cast: Pain              |    48 |   110 |   169 ||   327
       Animate Skeleton  |       |    17 |     5 ||    22
       Regeneration      |       |     8 |     2 ||    10
       Vampiric Draining |       |     3 |       ||     3
       Animate Dead      |       |       |    13 ||    13
Evoke: Wand              |       |       |     1 ||     1
  Use: Scroll            |       |     6 |    10 ||    16
       Potion            |       |     1 |     4 ||     5
 Stab: Distracted        |       |       |     1 ||     1
       Sleeping          |       |       |     1 ||     1
  Eat: Chunk             |     2 |     5 |     1 ||     8
       Ration            |     1 |     2 |     9 ||    12
Armor: Robe              |     1 |    17 |    57 ||    75
       Skin              |       |       |     5 ||     5
Dodge: Dodged            |    15 |   129 |   296 ||   440
       Deflected         |       |       |     5 ||     5
       Rpst.: Scimitar   |       |       |    26 ||    26
